 Dungeon Crawl Stone Soup version 0.26-a0-651-gb41185065b (webtiles) character file.

Game seed: 195625455702315091

61 Flugslaktarn the Covered (level 3, -3/34 HPs)
             Began as a Deep Dwarf Fighter on Oct 27, 2020.
             Slain by an ogre
             ... wielding a +0 giant club
              (21 damage)
             ... on level 4 of the Dungeon.
             The game lasted 00:00:23 (467 turns).

Flugslaktarn the Covered (Deep Dwarf Fighter)        Turns: 467, Time: 00:00:23

Health: -3/34      AC:  9    Str: 19    XL:     3   Next: 83%
Magic:  2/2        EV:  7    Int:  8    God:
Gold:   76         SH:  9    Dex: 13    Spells: 2/2 levels left

rFire    . . .     SeeInvis .   a - +0 war axe
rCold    . . .     Faith    .   c - +0 kite shield
rNeg     . . .     Spirit   .   b - +0 scale mail
rPois    .         Reflect  .   i - +0 helmet
rElec    .         Harm     .   (no cloak)
rCorr    .         Rampage  .   (no gloves)
MR       .....                  j - +0 pair of boots
Stlth    ..........             (no amulet)
HPRegen  0.00/turn              (no ring)
MPRegen  0.08/turn              (no ring)

@: non-regenerating
A: damage resistance, heal wounds, sense surroundings 1, no regeneration
a: Heal Wounds


You were on level 4 of the Dungeon.
You visited 1 branch of the dungeon, and saw 4 of its levels.

You collected 76 gold pieces.

Inventory:

Hand Weapons
 a - a +0 war axe (weapon)
Armour
 b - a +0 scale mail (worn)
 c - a +0 kite shield (worn)
 i - a +0 helmet (worn)
   (You found it on level 2 of the Dungeon)
 j - a +0 pair of boots (worn)
   (You found it on level 2 of the Dungeon)
Scrolls
 g - a scroll of identify {unknown}
 h - a scroll of magic mapping {unknown}
Potions
 d - a potion of might
 e - a potion of curing {unknown}
 f - a potion of flight {unknown}


   Skills:
 + Level 3.1 Fighting
 * Level 3.3 Axes
 + Level 3.8 Armour
 + Level 3.7 Shields


You had 2 spell levels left.
You didn't know any spells.
Your spell library was empty.

Dungeon Overview and Level Annotations

Branches:
Dungeon (4/15)
 Temple: D:4-7

Altars:


Innate Abilities, Weirdness & Mutations

You are resistant to damage.
You can heal yourself by infusing magical energy.
You passively map a small area around you.
You do not regenerate.


Message History

You hit the ball python.
You kill the ball python!
Found a stone staircase leading down.
You slash the ogre!
The ogre is heavily wounded.
The ogre completely misses you.
You hit the ogre.
The ogre is heavily wounded.
The ogre barely misses you.
You barely miss the ogre.
The ogre is heavily wounded.
You block the ogre's attack.
You barely miss the ogre.
The ogre is heavily wounded.
You block the ogre's attack.
Your shield and scale mail prevent you from hitting the ogre.
The ogre is heavily wounded.
The ogre hits you with a +0 giant club!!
Ouch! That really hurt!
You die...

, ...#..# * *
*##.....# * *
, *##......# ,
##....?..##* *
#........> , ,
#....... , *
#...O.####.# *
#....@†....#
....#.#..#####
# *,#*#..#
#...#.# ,
##.##.# * * #.
#.# * ., #.# #
**#.# , , #<#


You could see an ogre.

Vanquished Creatures
  Terence (D:2)
  2 adders (D:2)
  A worm (D:2)
  2 bats
  A giant cockroach (D:1)
  A goblin (D:1)
  3 hobgoblins
  A kobold (D:3)
  A ball python (D:4)
  2 frilled lizards
  A rat (D:2)
16 creatures vanquished.

Notes
Turn   | Place    | Note
-------+----------+-------------------------------------------
     0 | D:1      | Flugslaktarn the Deep Dwarf Fighter began the quest for the
                  | Orb.
     0 | D:1      | Reached XP level 1. HP: 20/20 MP: 1/1
    71 | D:2      | Noticed Terence
   101 | D:2      | Killed Terence
   101 | D:2      | Reached XP level 2. HP: 22/27 MP: 1/1
   101 | D:2      | Reached XP level 3. HP: 28/33 MP: 2/2
   459 | D:4      | Noticed an ogre
   467 | D:4      | Slain by an ogre

Illustrated notes

Levels and vault maps discovered:
D:1:      scummos_arrival_gate, layout_rooms
D:2:      cheibrodos_greedy_goblins, layout_basic, tso_oasis_becter,
          uniq_jessica, uniq_crazy_yiuf_cottage, uniq_terence
D:3:      layout_rooms, grunt_ministairs_15, nicolae_qazlal_style_of_elements
D:4:      layout_loops_ring, hangedman_glass_teeth, serial_park_tiny_2,
          minmay_fractal_squares_gapless_5

Skill      XL: |  1  2  3 |
---------------+----------+-----
Axes           | 3 |  3.3
Fighting       | 3 |  3.1
Armour         | |  3.8
Shields        | |  3.7

Action                   || total
-------------------------++-------
Melee: War axe           ||    88
 Abil: Heal Wounds       ||     1
Armor: Scale mail        ||    36
Dodge: Dodged            ||    29
Block: Kite shield       ||    39

Table legend: (Time is in decaauts)
 A = Elapsed time spent in this place.
 B = Non-inter-level travel time spent in this place.
 C = Inter-level travel time spent in this place.
 D = Time resting spent in this place.
 E = Time spent auto-exploring this place.
 F = Levels seen in this place.
 G = Mean time per level.
                   A        B        C        D        E       F      G
               +--------+--------+--------+--------+--------+-----+--------+
         Total |    503 |    444 |     59 |      0 |    256 |   4 |  125.8 |
       Dungeon |    503 |    444 |     59 |      0 |    256 |   4 |  125.8 |
               +--------+--------+--------+--------+--------+-----+--------+

Top non-repeatable levels by time:
     D:2: 326 daAuts
     D:3: 95 daAuts
     D:1: 66 daAuts
     D:4: 15 daAuts
